 Dungeon Crawl Stone Soup version 0.21-a0-85-ga0cb861 (webtiles) character file.

4 nikopol the Firebug (level 1, 0/14 HPs)
             Began as a Draconian Fire Elementalist on June 25, 2017.
             Killed from afar by Crazy Yiuf (8 damage)
             ... with a wand of flame (?/48)
             ... on level 2 of the Dungeon.
             The game lasted 00:00:58 (333 turns).

nikopol the Firebug (Draconian Fire Elementalist)    Turns: 333, Time: 00:00:59

Health: 0/14       AC:  4    Str: 10    XL:     1   Next: 50%
Magic:  0/3        EV: 12    Int: 15    God:
Gold:   10         SH:  0    Dex: 11    Spells: 3/4 levels left

rFire    . . .     SeeInvis .   (no weapon)
rCold    . . .     Gourm    .   (no shield)
rNeg     . . .     Faith    .   (armour unavailable)
rPois    .         Spirit   .   (helmet restricted)
rElec    .         Reflect  .   (no cloak)
rCorr    .         Harm     .   (no gloves)
MR       .....                  (no boots)
Stlth    ++........             (no amulet)
HPRegen  0.04/turn              (no ring)
MPRegen  0.08/turn              (no ring)

@: no status effects
A: unfitting armour, cold-blooded, AC +4
a: no special abilities


You were on level 2 of the Dungeon.
You were not hungry.

You visited 1 branch of the dungeon, and saw 2 of its levels.

You collected 10 gold pieces.

Inventory:

Wands
 e - a wand of lightning (5/15)
Scrolls
 c - a scroll of identify {unknown}
 d - a scroll of fear {unknown}
Books
 a - a book of Flames

   Spells                             Type                      Level
   a - Flame Tongue                   Conjuration/Fire             1
   b - Throw Flame                    Conjuration/Fire             2
   c - Conjure Flame                  Conjuration/Fire             3
   d - Inner Flame                    Hexes/Fire                   3
   e - Sticky Flame                   Conjuration/Fire             4
   f - Fireball                       Conjuration/Fire             5
Comestibles
 b - a bread ration


   Skills:
 + Level 1.8 Dodging
 + Level 1.8 Stealth
 + Level 2.0 Spellcasting
 + Level 1.0 Conjurations
 + Level 3.1 Fire Magic


You had 3 spell levels left.
You knew the following spells:

 Your Spells              Type           Power        Failure   Level  Hunger
a - Flame Tongue          Conj/Fire      #....        10%         1    #......


Dungeon Overview and Level Annotations

Branches:
Dungeon (2/15)

Altars:

Annotations:
D:2 Crazy Yiuf


Innate Abilities, Weirdness & Mutations

Your plain brown scales are hard. (AC +4)
You cannot fit into any form of body armour.
You are cold-blooded and may be slowed by cold attacks.


Message History

Casting: Flame Tongue
Confirm with . or Enter, or press ? or * to list all spells.
Aiming: Flame Tongue
Press: ? - help, Shift-Dir - straight line, f/p - Crazy Yiuf
Aim: Crazy Yiuf, wielding a quarterstaff of chaos, wearing a cloak and carrying a wand of flame (?/48) {zapped: 1} The flame tongue misses Crazy Yiuf.
Crazy Yiuf cries, "You leg down broken song, no?"
Casting: Flame Tongue
Confirm with . or Enter, or press ? or * to list all spells.
Aiming: Flame Tongue
Press: ? - help, Shift-Dir - straight line, f/p - Crazy Yiuf
Aim: Crazy Yiuf, wielding a quarterstaff of chaos, wearing a cloak and carrying a wand of flame (?/48) {zapped: 1} The flame tongue hits Crazy Yiuf.
Crazy Yiuf is moderately wounded.
Crazy Yiuf whimpers, "Walk agre mobile!"
Crazy Yiuf zaps a wand.
The puff of flame misses you.
Crazy Yiuf zaps a wand.
The puff of flame hits you!
Crazy Yiuf zaps a wand.
The puff of flame hits you!
Ouch! That really hurt!
You die...

...#
###....####.#
...#
#...........#
...#
##...........#
...#
#..#####..####
...# #..#
#....# ...#
#..# ♣....♣
...# #..#
♣♣...♣
...####..#
♣♣.♣♣
.........#
♣♣@♣
###.####.#
♣.♣♣ ....# #.#
♣♣.♣ ##### ###
♣g♣♣ #'# #...#
#...# #)..#
#####


You could see Crazy Yiuf.

Vanquished Creatures
  A dart slug (D:1)
  A goblin (D:1)
2 creatures vanquished.

Notes
Turn   | Place    | Note
-------+----------+-------------------------------------------
     0 | D:1      | nikopol the Draconian Fire Elementalist began the quest for the Orb.
     0 | D:1      | Reached XP level 1. HP: 14/14 MP: 3/3
   249 | D:1      | You fall through a shaft!
   321 | D:2      | Found a runed door.
   325 | D:2      | Noticed Crazy Yiuf
   333 | D:2      | Killed from afar by Crazy Yiuf

Vault maps used:
D:1:      roderic_crop_circles_arrival_small, hangedman_decor_peaks_small,
          minmay_misc_feat_rows, hangedman_decor_lopped
D:2:      marbit_many_paths, chequers_temple_overflow_statue_of_worship,
          uniq_crazy_yiuf_cottage

Action                   || total
-------------------------++-------
 Cast: Flame Tongue      ||     8
Dodge: Dodged            ||     3
